 Dungeon Crawl Stone Soup version 0.30-a0-1075-gcd70e7a56d (webtiles) character file.

Game seed: 14133575437139289485

7 kae the Trooper (level 2, -1/26 HPs)
             Began as a Hill Orc Fighter on Apr 14, 2023.
             Slain by a goblin
             ... wielding a +0 club
              (4 damage)
             ... on level 1 of the Dungeon.
             The game lasted 00:00:09 (46 turns).

kae the Trooper (Hill Orc Fighter)                    Turns: 46, Time: 00:00:09

Health: -1/26      AC:  6    Str: 18    XL:     2   Next: 0%
Magic:  2/2        EV:  6    Int:  8    God:
Gold:   0          SH:  4    Dex: 10    Spells: 1/1 levels left

rFire   . . .      SeeInvis .    a - +0 war axe
rCold   . . .      Faith    .    c - +0 buckler
rNeg    . . .      Spirit   .    b - +0 scale mail
rPois   .          Reflect  .    (no helmet)
rElec   .          Rampage  .    (no cloak)
rCorr   .                        (no gloves)
Will    .....                    (no boots) Stlth
                                 (no amulet)
HPRegen 0.24/turn                (no ring)
MPRegen 0.08/turn                (no ring)

@: mighty, lethally poisoned (-1 -> -2), constricted
A: no striking features
a: no special abilities


You were on level 1 of the Dungeon.
You visited 1 branch of the dungeon, and saw 1 of its levels.


   Skills:
 - Level 3.6 Fighting
 + Level 3.6 Axes
 - Level 3.2 Armour
 - Level 3.2 Shields


You had one spell level left.
You didn't know any spells.
Your spell library contained the following spells:

 Spells                   Type           Power      Damage    Failure   Level
 Call Canine Familiar     Summ           0%         N/A       99%         3
 Portal Projectile        Hex/Tloc       0%         N/A       99%         3
 Leda's Liquefaction      Hex/Erth       0%         N/A       100%        4

Inventory:

Hand Weapons
 a - a +0 war axe (weapon)
Missiles
 f - 5 stones (quivered)
Armour
 b - a +0 scale mail (worn)
 c - a +0 buckler (worn)
Scrolls
 e - a scroll of immolation {unknown}

Dungeon Overview and Level Annotations

Branches:
Dungeon (1/15) Zot: 5946

Altars:

#####.#....#
...#.#....#
###.#.#...## .
#...)......## ..
#............
#..#..?.........
#...............
#.#.....bS......
#.......@g......
###.#..).K...>..
#.####.#......
#. #.#....>. #w#
..... #.# .....
#.# ..!. #.#
....


You could see a dart slug, a goblin, a bat, a ball python and a kobold.


Message History

You take 2 damage, and now have 14/19 hp.
You closely miss the giant cockroach. You closely miss the kobold.
The giant cockroach bites you but does no damage.
The kobold hits you but does no damage. The giant cockroach closely misses you.
You block the kobold's attack.
You hit the giant cockroach. You hit the kobold but do no damage.
The giant cockroach bites you but does no damage.
The kobold hits you but does no damage.
The giant cockroach completely misses you. 😕 HP[+1]
You slash the giant cockroach!
You kill the giant cockroach!
You hit the kobold. The kobold barely misses you. x2
You closely miss the kobold.
The kobold hits you but does no damage. 😕 HP[+1]
You barely miss the kobold. The kobold hits you but does no damage.
You closely miss the kobold. The kobold misses you.
You block the kobold's attack.
You closely miss the kobold. The kobold hits you but does no damage.
You hit the kobold.
You kill the kobold!
Your Axes skill increases to level 3! 😕 HP[+1] No target in view!
No target in view!
No target in view!
No target in view!
Unknown command.
Unknown command.
e - a scroll labelled PYUGRU EMYSH 😎 HP[+2]
Your hp is fully restored (19).
f - 5 stones You see here a +0 dagger.
A kobold comes into view. It is wielding a +0 dagger.
The kobold shouts!
You hear a shout!
A goblin comes into view. It is wielding a +0 dagger.
A goblin comes into view. It is wielding a +0 club.
You hear a shout!
You see here a scroll labelled BOFIOR VAFRU.
There are monsters nearby!
Found a stone staircase leading down.
The goblin shouts!
A kobold comes into view. It is wielding a +2 dagger of venom.
A rat comes into view.
A kobold comes into view. It is wielding a +0 short sword.
There are monsters nearby!
The kobold closely misses you.
The kobold shouts!
You slash the kobold!
You kill the kobold!
A bat comes into view.
A ball python comes into view.
The bat moves out of view.
There are monsters nearby!
The goblin hits you but does no damage.
You barely miss the goblin. x2; The goblin hits you with a +0 dagger.
The goblin closely misses you.
The kobold hits you with a +2 dagger of venom.
You are poisoned.
The rat twitches its whiskers.
The goblin hits you but does no damage. You block the goblin's attack. 😕 HP[-4]
You take 4 damage, and now have 15/19 hp.
MASSIVE DAMAGE!! (PAUSE)
You barely miss the goblin. You hit the kobold. You slash the goblin!
You kill the goblin!
You feel very sick. The bat hits you but does no damage.
A dart slug comes into view.
The goblin hits you with a +0 club. The kobold barely misses you. 😮 HP[-4]
You take 4 damage, and now have 11/19 hp.
MASSIVE DAMAGE!! (PAUSE)
You barely miss the goblin. You hit the rat but do no damage.
You slash the kobold!
You kill the kobold!
You feel sick. The bat hits you.
* * * LOW HITPOINT WARNING * * *
The goblin hits you but does no damage.
The rat bites you but does no damage. 😨 HP[-3]
You take 3 damage, and now have 8/19 hp.
You hit the goblin but do no damage. You barely miss the ball python.
You hit the rat.
You kill the rat!
You feel sick. The bat hits you but does no damage.
You block the ball python's attack. The ball python closely misses you.
The goblin closely misses you. The ball python bites you.
* * * LOW HITPOINT WARNING * * *
The ball python grabs you. The ball python constricts you.
The goblin barely misses you. The kobold barely misses you.
You have reached level 2! 😱 HP[-3] MP[+1]
You now have 26 max hp (+7).
Your mp is fully restored (2).
You feel very mighty all of a sudden.
You feel sick. The ball python barely misses you.
The ball python constricts you.
* * * LOW HITPOINT WARNING * * *
The goblin hits you with a +0 club.
You die...

Skill      XL: |  1 |
---------------+----+-----
Axes           | 3 |  3.6
Fighting       | |  3.6
Armour         | |  3.2
Shields        | |  3.2

Action                     || total
---------------------------++-------
  Melee: War axe           ||    15
    Use: Potion            ||     1
 Armour: Scale mail        ||    15
  Dodge: Dodged            ||    14
  Block: Buckler           ||     4

Levels and vault maps discovered:
D:1:      shiori_arrival_maze, layout_rooms, minmay_heptomino_o4

Notes
Turn   | Place    | Note
-------+----------+-------------------------------------------
     0 | D:1      | kae the Hill Orc Fighter began the quest for the Orb.
     0 | D:1      | Reached XP level 1. HP: 19/19 MP: 1/1
     0 | D:1      | magus.rc [v1.11.3]
     1 | D:1      | You pick up a book of the Hunter and begin reading...
     1 | D:1      | You add the spells Call Canine Familiar, Portal Projectile
                  | and Leda's Liquefaction to your library.
    24 | D:1      | Reached skill level 3 in Axes
    45 | D:1      | HP: 3/19 [ball python (3)]
    46 | D:1      | Reached XP level 2. HP: 5/26 MP: 2/2
    46 | D:1      | Slain by a goblin

Vanquished Creatures
  A giant cockroach (D:1)
  A goblin (D:1)
  3 kobolds (D:1)
  A rat (D:1)
6 creatures vanquished.

Table legend:
 A = Non-vault XP
 B = Vault XP
 C = Vault XP percentage of total XP
 D = Non-vault monster count
 E = Vault monster count
 F = Vault count percentage of total count
                 A         B        C        D         E       F
            +---------+---------+-------+---------+---------+-------
      Total |      10 |       0 |   0.0 |       6 |       0 |   0.0
            +---------+---------+-------+---------+---------+-------
        D:1 |      10 |       0 |   0.0 |       6 |       0 |   0.0
            +---------+---------+-------+---------+---------+-------

Illustrated notes

Table legend:
 A = Kills in this place as a percentage of kills in the entire game.
 B = Kills by you in this place as a percentage of kills by you in the entire game.
 C = Kills by friends in this place as a percentage of kills by friends in the entire game.
 D = Other kills in this place as a percentage of other kills in the entire game.
 E = Experience gained in this place as a percentage of experience gained in the entire game.
 F = Experience gained in this place divided by the number of levels of this place that you have seen.
                   A       B       C       D       E      F
               +-------+-------+-------+-------+-------+----------------------
         Total | 100.0 | 100.0 |   N/A |   N/A | 100.0 |  10.0
       Dungeon | 100.0 | 100.0 |   N/A |   N/A | 100.0 |  10.0
               +-------+-------+-------+-------+-------+----------------------

Table legend: (Time is in decaauts)
 A = Elapsed time spent in this place.
 B = Non-inter-level travel time spent in this place.
 C = Inter-level travel time spent in this place.
 D = Time resting spent in this place.
 E = Time spent auto-exploring this place.
 F = Levels seen in this place.
 G = Mean time per level.
                   A        B        C        D        E       F      G
               +--------+--------+--------+--------+--------+-----+--------+
         Total |     52 |     52 |      0 |      0 |     19 |   1 |   52.0 |
       Dungeon |     52 |     52 |      0 |      0 |     19 |   1 |   52.0 |
               +--------+--------+--------+--------+--------+-----+--------+

Top non-repeatable levels by time:
     D:1: 52 daAuts
